 Dungeon Crawl Stone Soup version 0.26-a0-520-g952f204493 (webtiles) character file.

Game seed: 13694994856370231392

6 ANON1729 the Insei (level 1, 0/15 HPs)
             Began as a Demonspawn Transmuter on Aug 12, 2020.
             Slain by a kobold (4 damage)
             ... on level 1 of the Dungeon.
             The game lasted 00:00:19 (325 turns).

ANON1729 the Insei (Demonspawn Transmuter)           Turns: 325, Time: 00:00:20

Health: 0/15       AC:  2    Str: 10    XL:     1   Next: 75%
Magic:  2/3        EV: 12    Int: 14    God:
Gold:   16         SH:  0    Dex: 13    Spells: 3/4 levels left

rFire    . . .     SeeInvis .     - Unarmed
rCold    . . .     Faith    .   (no shield)
rNeg     . . .     Spirit   .   a - +0 robe
rPois    .         Reflect  .   (helmet currently unavailable)
rElec    .         Harm     .   (no cloak)
rCorr    .                      (no gloves)
MR       .....                  (boots currently unavailable)
Stlth    +.........             (no amulet)
HPRegen  0.05/turn              (no ring)
MPRegen  0.08/turn              (no ring)

@: appendages (expiring)
A: horns 2, talons 2
a: End Transformation


You were on level 1 of the Dungeon.
You had grown temporary horns.
You had grown temporary talons.
You visited 1 branch of the dungeon, and saw 1 of its levels.

You collected 16 gold pieces.

Inventory:

Armour
 a - a +0 robe (worn)
Scrolls
 b - 2 scrolls of remove curse {unknown}
 d - 2 scrolls of identify {unknown}
 f - a scroll of fear {unknown}
 g - a scroll of random uselessness {unknown}
 h - a scroll of blinking {unknown}
Potions
 c - a potion of flight {unknown}
 e - a potion of curing {unknown}
 i - a potion of might {unknown}
 j - a potion of invisibility {unknown}


   Skills:
 + Level 1.1 Fighting
 + Level 1.9 Dodging
 + Level 2.7 Unarmed Combat
 + Level 2.1 Spellcasting
 + Level 1.9 Transmutations


You had 3 spell levels left.
You knew the following spells:

 Your Spells              Type           Power        Failure   Level
a - Beastly Appendage     Tmut           #.....       11%         1

Your spell library contained the following spells:

 Spells                   Type           Power        Failure   Level
 Wereblood                Tmut           #.......     16%         2
 Spider Form              Tmut/Pois      #.........   43%         3
 Ice Form                 Ice/Tmut       #.......     85%         4
 Blade Hands              Tmut           #.........   96%         5


Dungeon Overview and Level Annotations

Branches:
Dungeon (1/15)

Altars:


Innate Abilities, Weirdness & Mutations

You have a pair of horns on your head.
You have razor-sharp toenails.


Message History

Casting: Beastly Appendage (safe; 11% risk of failure)
Confirm with . or Enter, or press ? or * to list all spells.
You grow a pair of large bovine horns.
Your feet morph into talons.
The hobgoblin hits you with a +0 club.
Your magical contamination has completely faded away.
You hit the hobgoblin but do no damage. Your kick misses the hobgoblin.
The hobgoblin barely misses you.
You hit the hobgoblin.
You kill the hobgoblin!
You hit the hobgoblin.
You kill the hobgoblin!
Your transformation is almost over.
The kobold throws a stone.
The stone closely misses you. The kobold hits you.
* * * LOW HITPOINT WARNING * * *
Things that are here:
a +0 club; a +0 club; a hobgoblin corpse You closely miss the kobold.
Your headbutt misses the kobold. The kobold hits you.
You die...

#.......####.......#.
#.......##........(#.
.................####.#..#♣
##...##########..# #.##.##
#.. #...........# #......
#. #.########.###########
#... ... #......#
.....#.###########.#
......gK@[.(..(..#.#
.......#########.#.#
.....## ######.#.# ....
#...(..#.# ... #.######.#
.. #.# #....# . #.# #.####
#.###.# #.....#


You could see a goblin and a kobold.

Vanquished Creatures
  3 hobgoblins (D:1)
  A bat (D:1)
  A kobold (D:1)
  A rat (D:1)
6 creatures vanquished.

Notes
Turn   | Place    | Note
-------+----------+-------------------------------------------
     0 | D:1      | ANON1729 the Demonspawn Transmuter began the quest for the
                  | Orb.
     0 | D:1      | Reached XP level 1. HP: 15/15 MP: 3/3
   325 | D:1      | Slain by a kobold

Illustrated notes

Levels and vault maps discovered:
D:1:      scummos_arrival_gate, layout_basic

Action                   || total
-------------------------++-------
Melee: Unarmed           ||    18
       Kick              ||     4
       Headbutt          ||     1
 Cast: Beastly Appendage ||     4
Armor: Robe              ||     3
Dodge: Dodged            ||    10

Table legend: (Time is in decaauts)
 A = Elapsed time spent in this place.
 B = Non-inter-level travel time spent in this place.
 C = Inter-level travel time spent in this place.
 D = Time resting spent in this place.
 E = Time spent auto-exploring this place.
 F = Levels seen in this place.
 G = Mean time per level.
                   A        B        C        D        E       F      G
               +--------+--------+--------+--------+--------+-----+--------+
         Total |    323 |    323 |      0 |      0 |    276 |   1 |  323.0 |
       Dungeon |    323 |    323 |      0 |      0 |    276 |   1 |  323.0 |
               +--------+--------+--------+--------+--------+-----+--------+

Top non-repeatable levels by time:
     D:1: 323 daAuts
